Mustangs vs Demolitions
Created - April 5, 2020 at 19:03
Goals
|
| Mustangs |
1 |
1 |
3 |
5 |
| Demolitions |
1 |
2 |
0 |
3 |
|
Shots
|
| Mustangs |
15 |
11 |
9 |
35 |
| Demolitions |
16 |
13 |
11 |
40 |
|
1st period
1. Demolitions , Christoph Bertschy 18 (Jared Staal 5, Ryan Pulock 18) at 3:43
2. Mustangs , Josh Jooris 35 (Melker Karlsson 57) at 17:08
Penalties :
Josh Jooris (Ham) for Hooking (Minor) at 3:48, Spencer Machacek (Vic) for Hooking (Minor) at 19:24
2nd period
3. Demolitions , Dennis Everberg 28 (Andrej Nestrasil 29) at 2:35
4. Mustangs , Jonathan Drouin 25 (Tom Wilson 29, Sean Monahan 44) at 14:03
5. Demolitions , Andrej Nestrasil 21 (Dennis Everberg 44, Taylor Beck 34) at 16:41
Penalties :
Andrej Nestrasil (Vic) for Checking from behind (Minor) at 7:15, Stefan Matteau (Ham) for Slashing (Minor) at 11:27
3rd period
6. Mustangs , Stefan Matteau 38 (Max Gortz 19, Dakota Mermis 16) at 2:10
7. Mustangs , Max Gortz 18 (Stefan Matteau 32) at 3:06
8. Mustangs , Melker Karlsson 42 (Josh Jooris 49, Andrew O'Brien 18) at 19:20 (Empty Net)
Penalties :
Robert Bortuzzo (Vic) for High sticking (Minor) at 4:10, Tom Wilson (Ham) for Delaying the game (Minor) at 12:35
Goalie Stats
Chet Pickard (Ham), 37 saves from 40 shots - (0.925), W, 33-15-2, 60:00 minutes
Alex Stalock (Vic), 30 saves from 34 shots - (0.882), L, 18-7-2, 59:42 minutes
Players Stats for Mustangs
Player Name G A P +/- PIM S H SB GA TA FO MP PP MP PK MP
------------------------------------------------------------------------------------
Alexei Marchenko 0 0 0 -1 0 3 1 2 0 1 0/0 28:44 3:33 3:31
Andreas Martinsen 0 0 0 1 0 0 1 0 0 0 0/1 18:53 2:18 3:12
Andrew O'Brien 0 1 1 3 0 0 0 0 0 0 0/0 13:29 0:00 2:26
Ben Harpur 0 0 0 0 0 1 1 3 0 0 0/0 22:26 2:24 3:31
Chrstian Dvorak 0 0 0 2 0 0 0 1 0 0 0/0 11:32 0:00 0:00
Curtis Hamilton 0 0 0 -1 0 0 2 0 0 0 0/0 8:46 0:00 1:47
Dakota Mermis 0 1 1 3 0 0 1 0 0 0 0/0 16:53 2:24 2:26
Damon Severson 0 0 0 0 0 0 2 0 1 0 0/0 18:11 3:33 0:00
Iven Barbashev 0 0 0 -1 0 0 0 0 0 0 0/1 6:59 0:00 0:00
Jonathan Drouin 1 0 1 0 0 7 3 0 0 0 0/1 20:09 3:39 0:18
Josh Jooris 1 1 2 1 2 3 0 0 1 1 1/1 16:55 2:18 1:17
Kurtis Gabriel 0 0 0 -1 0 0 1 0 0 0 0/0 6:59 0:00 0:00
Max Gortz 1 1 2 2 0 4 0 0 0 0 0/1 11:32 0:00 0:00
Melker Karlsson 1 1 2 1 0 4 1 2 1 2 7/17 18:52 2:18 3:11
Scott Mayfield 0 0 0 -1 0 2 2 0 0 0 0/0 20:17 0:00 0:00
Sean Monahan 0 1 1 0 0 8 2 0 0 1 15/32 21:25 3:39 1:34
Stefan Matteau 1 1 2 2 2 2 0 1 1 0 4/9 12:28 0:00 0:35
Tom Wilson 0 1 1 0 2 1 5 0 0 1 1/1 19:30 3:39 0:00
Players Stats for Demolitions
Player Name G A P +/- PIM S H SB GA TA FO MP PP MP PK MP
------------------------------------------------------------------------------------
Aaron Palushaj 0 0 0 0 0 0 0 0 0 0 0/0 0:00 0:00 0:00
Alex Hutchings 0 0 0 0 0 0 0 0 0 0 2/4 2:42 0:00 1:50
Andrej Nestrasil 1 1 2 1 2 3 1 0 1 0 9/11 15:40 2:37 0:00
Brendan Perlini 0 0 0 0 0 0 0 0 0 0 0/0 0:00 0:00 0:00
Christoph Bertschy 1 0 1 0 0 2 0 0 1 0 2/5 10:06 0:00 0:47
Colton Sceviour 0 0 0 0 0 0 0 0 0 0 0/0 0:00 0:00 0:00
Daultan Leveillé 0 0 0 -2 0 2 2 0 0 0 14/27 21:39 3:20 4:07
Dennis Everberg 1 1 2 1 0 3 1 0 0 0 1/1 16:34 2:37 1:02
J.T. Brown 0 0 0 -1 0 5 2 1 0 1 0/0 11:39 0:00 0:00
Jake Muzzin 0 0 0 -1 0 3 2 0 0 1 0/0 27:22 3:35 3:35
Jared Staal 0 1 1 0 0 0 0 0 0 0 0/0 8:28 0:00 0:00
Joshua Leivo 0 0 0 -1 0 4 0 1 0 0 0/0 11:39 0:00 0:00
Lane MacDermid 0 0 0 -2 0 4 0 0 1 0 0/1 19:04 3:20 1:40
Michael Ferland 0 0 0 0 0 1 1 0 0 0 0/0 8:28 0:00 0:00
Mitch Callahan 0 0 0 0 0 0 0 0 0 0 0/0 0:00 0:00 0:00
Nick Pryor 0 0 0 -1 0 1 0 1 0 0 0/0 12:13 0:00 1:14
Nikita Tryamkin 0 0 0 0 0 1 0 0 0 0 0/0 21:40 2:22 2:22
Phil McRae 0 0 0 -1 0 1 0 0 0 0 5/8 11:39 0:00 0:00
Robert Bortuzzo 0 0 0 -1 2 0 3 3 0 1 0/0 22:58 3:35 2:21
Ryan Pulock 0 1 1 0 0 1 1 2 0 0 0/0 21:40 2:22 2:22
Spencer Machacek 0 0 0 -2 2 6 3 2 1 0 3/7 20:50 3:20 2:28
Taylor Aronson 0 0 0 -1 0 0 1 0 0 1 0/0 10:58 0:00 0:00
Taylor Beck 0 1 1 1 0 3 0 0 2 0 0/0 15:32 2:37 0:00
Tommy Vannelli 0 0 0 0 0 0 0 0 0 0 0/0 3:09 0:00 0:00
Tyler Graovac 0 0 0 0 0 0 0 0 0 0 0/0 0:00 0:00 0:00
3 Stars
1 - Max Gortz (Ham)
2 - Melker Karlsson (Ham)
3 - Stefan Matteau (Ham)
Power Play
Mustangs - 0 on 3 Attempt(s) - 0.00%
Demolitions - 0 on 3 Attempt(s) - 0.00%
Penalty Kill
Mustangs - 3 on 3 Attempt(s) - 100.00%
- Score 0 goal in Penalty Kill
Demolitions - 3 on 3 Attempt(s) - 100.00%
- Score 0 goal in Penalty Kill
Team Stat
Mustangs - Hits : 22 - Faceoff Wins : 28 - Blocked Shots : 9 - Penalty Minutes : 6
Demolitions - Hits : 17 - Faceoff Wins : 36 - Blocked Shots : 10 - Penalty Minutes : 6
Official
Referees : Unknown
Linesman : Unknown
Game Notes
2:35 of 2nd period - Demolitions goal is going for a video replay. After video review, Goal.
Melker Karlsson has scored in a empty net!
Finance
Level 1 -- Attendance: 2000 (100.00%) -- Ticket Income $26,000
Level 2 -- Attendance: 1000 (100.00%) -- Ticket Income $2,000
Total Attendance: 3000 (100.00%)
Total Ticket Income: $28,000
Other Income: $1,400
Total Income: $29,400
Mustangs
5 vs 5 Forward
Center Left Wing Right Wing Time % Phy DF OF
1 Sean Monahan Jonathan Drouin Tom Wilson 40 1 2 2
2 Melker Karlsson Andreas Martinsen Josh Jooris 30 1 2 2
3 Stefan Matteau Chrstian Dvorak Max Gortz 20 1 2 2
4 Iven Barbashev Curtis Hamilton Kurtis Gabriel 10 1 2 2
5 vs 5 Defense
Defense Defense Time % Phy DF OF
1 Alexei Marchenko Scott Mayfield 44 1 2 2
2 Ben Harpur Damon Severson 33 1 2 2
3 Andrew O'Brien Dakota Mermis 23 1 2 2
4 Alexei Marchenko Scott Mayfield 0 1 2 2
PowerPlay Forward
Center Left Wing Right Wing Time % Phy DF OF
1 Sean Monahan Jonathan Drouin Tom Wilson 60 1 2 2
2 Melker Karlsson Andreas Martinsen Josh Jooris 40 1 2 2
PowerPlay Defense
Defense Defense Time % Phy DF OF
1 Alexei Marchenko Damon Severson 60 1 2 2
2 Ben Harpur Dakota Mermis 40 1 2 2
Penalty Kill 4 Players Forward
Center Wing Time % Phy DF OF
1 Melker Karlsson Andreas Martinsen 60 1 2 2
2 Sean Monahan Josh Jooris 40 1 2 2
Penalty Kill 4 Players Defense
Defense Defense Time % Phy DF OF
1 Alexei Marchenko Ben Harpur 60 1 2 2
2 Dakota Mermis Andrew O'Brien 40 1 2 2
Penalty Kill - 3 Players Forward
Forward Time % Phy DF OF
1 Melker Karlsson 60 1 2 2
2 Josh Jooris 40 1 2 2
Penalty Kill - 3 Players Defense
Defense Defense Time % Phy DF OF
1 Alexei Marchenko Ben Harpur 60 1 2 2
2 Dakota Mermis Andrew O'Brien 40 1 2 2
4 vs 4 Forward
Center Wing Time % Phy DF OF
1 Sean Monahan Tom Wilson 60 1 2 2
2 Melker Karlsson Josh Jooris 40 1 2 2
4 vs 4 Defense
Defense Defense Time % Phy DF OF
1 Alexei Marchenko Scott Mayfield 60 1 2 2
2 Ben Harpur Damon Severson 40 1 2 2
Last Minutes Offensive
Center Left Wing Right Wing Defense Defense
Sean Monahan Jonathan Drouin Tom Wilson Alexei Marchenko Scott Mayfield
Last Minutes Defensive
Center Left Wing Right Wing Defense Defense
Melker Karlsson Andreas Martinsen Josh Jooris Alexei Marchenko Scott Mayfield
Goaltenders
Starting : Chet Pickard
Backup : Anthony Stolarz
Extra Forwards
Normal : Sean Monahan, Melker Karlsson, Stefan Matteau - PP : Josh Jooris, Tom Wilson - PK : Josh Jooris
Extra Defensemen
Normal : Alexei Marchenko, Ben Harpur, Dakota Mermis - PP : Alexei Marchenko - PK : Alexei Marchenko, Ben Harpur
Penalty Shots
Andreas Martinsen, Josh Jooris, Melker Karlsson, Sean Monahan, Tom Wilson
Scratches
Ryan Graves (Healthy), Matthew Finn (Healthy), Danny Biega (Healthy), Jim O'Brien (Healthy), Raphael Bussieres (Healthy)
Sam Kurker (Healthy), Josh Ho-Sang (Healthy), Brett Pollock (Healthy), Steven Spinner (Healthy), Joacim Eriksson (Healthy)
Demolitions
5 vs 5 Forward
Center Left Wing Right Wing Time % Phy DF OF
1 Daultan Leveillé Lane MacDermid Spencer Machacek 40 1 2 2
2 Andrej Nestrasil Taylor Beck Dennis Everberg 30 1 2 2
3 Phil McRae Joshua Leivo J.T. Brown 20 1 2 2
4 Christoph Bertschy Michael Ferland Jared Staal 10 1 2 2
5 vs 5 Defense
Defense Defense Time % Phy DF OF
1 Jake Muzzin Robert Bortuzzo 40 1 2 2
2 Nikita Tryamkin Ryan Pulock 30 1 2 2
3 Taylor Aronson Nick Pryor 20 1 2 2
4 Tommy Vannelli Jake Muzzin 10 1 2 2
PowerPlay Forward
Center Left Wing Right Wing Time % Phy DF OF
1 Daultan Leveillé Lane MacDermid Spencer Machacek 60 1 2 2
2 Andrej Nestrasil Taylor Beck Dennis Everberg 40 1 2 2
PowerPlay Defense
Defense Defense Time % Phy DF OF
1 Jake Muzzin Robert Bortuzzo 60 1 2 2
2 Nikita Tryamkin Ryan Pulock 40 1 2 2
Penalty Kill 4 Players Forward
Center Wing Time % Phy DF OF
1 Spencer Machacek Daultan Leveillé 60 1 2 2
2 Lane MacDermid Dennis Everberg 40 1 2 2
Penalty Kill 4 Players Defense
Defense Defense Time % Phy DF OF
1 Jake Muzzin Robert Bortuzzo 60 1 2 2
2 Nikita Tryamkin Ryan Pulock 40 1 2 2
Penalty Kill - 3 Players Forward
Forward Time % Phy DF OF
1 Spencer Machacek 60 1 2 2
2 Daultan Leveillé 40 1 2 2
Penalty Kill - 3 Players Defense
Defense Defense Time % Phy DF OF
1 Jake Muzzin Robert Bortuzzo 60 1 2 2
2 Nikita Tryamkin Ryan Pulock 40 1 2 2
4 vs 4 Forward
Center Wing Time % Phy DF OF
1 Spencer Machacek Daultan Leveillé 60 1 2 2
2 Lane MacDermid Dennis Everberg 40 1 2 2
4 vs 4 Defense
Defense Defense Time % Phy DF OF
1 Jake Muzzin Robert Bortuzzo 60 1 2 2
2 Nikita Tryamkin Ryan Pulock 40 1 2 2
Last Minutes Offensive
Center Left Wing Right Wing Defense Defense
Daultan Leveillé Lane MacDermid Spencer Machacek Jake Muzzin Robert Bortuzzo
Last Minutes Defensive
Center Left Wing Right Wing Defense Defense
Daultan Leveillé Lane MacDermid Spencer Machacek Jake Muzzin Robert Bortuzzo
Goaltenders
Starting : Alex Stalock
Backup : Antti Raanta
Extra Forwards
Normal : Aaron Palushaj, Mitch Callahan, Alex Hutchings - PP : Aaron Palushaj, Mitch Callahan - PK : Alex Hutchings
Extra Defensemen
Normal : Taylor Aronson, Nick Pryor, Tommy Vannelli - PP : Taylor Aronson - PK : Nick Pryor, Tommy Vannelli
Penalty Shots
Spencer Machacek, Daultan Leveillé, Lane MacDermid, Dennis Everberg, J.T. Brown
Scratches
Thomas DiPauli (Healthy), Taylor Leier (Healthy), Michael Prapavessis (Healthy), Jaedon Descheneau (Healthy), Jake Paterson (Healthy)
Francois Tremblay (Healthy), Brandon Halverson (Healthy)
% Time on Ice - Mustangs
Lines # - Real PCT - Wanted PCT - Time Play
Normal Forward
1 - 34% - 40% - 16:14
2 - 27% - 30% - 12:53
3 - 24% - 20% - 11:32
4 - 15% - 10% - 6:59
Normal Defense
1 - 45% - 44% - 21:40
2 - 33% - 33% - 15:29
3 - 22% - 23% - 10:29
4 - 0% - 0% - 0:00
PP Forward
1 - 61% - 60% - 3:39
2 - 39% - 40% - 2:18
PP Defense
1 - 60% - 60% - 3:33
2 - 40% - 40% - 2:24
PK Forward
1 - 76% - 60% - 4:30
2 - 24% - 40% - 1:27
PK Defense
1 - 59% - 60% - 3:31
2 - 41% - 40% - 2:26
PK3 Forward
1 - 0% - 60%
2 - 0% - 40%
PK3 Defense
1 - 0% - 60%
2 - 0% - 40%
44 Forward
1 - 0% - 60%
2 - 0% - 40%
44 Defense
1 - 0% - 60%
2 - 0% - 40%
Last Minute Offensive - 0:00
Last Minute Defensive - 0:28
Total
Forward - 60:00
Defense - 60:00
|
% Time on Ice - Demolitions
Lines # - Real PCT - Wanted PCT - Time Play
Normal Forward
1 - 31% - 40% - 14:37
2 - 27% - 30% - 12:55
3 - 24% - 20% - 11:39
4 - 18% - 10% - 8:28
Normal Defense
1 - 35% - 40% - 16:36
2 - 36% - 30% - 16:56
3 - 23% - 20% - 10:58
4 - 7% - 10% - 3:09
PP Forward
1 - 56% - 60% - 3:20
2 - 44% - 40% - 2:37
PP Defense
1 - 60% - 60% - 3:35
2 - 40% - 40% - 2:22
PK Forward
1 - 83% - 60% - 4:55
2 - 17% - 40% - 1:02
PK Defense
1 - 60% - 60% - 3:35
2 - 40% - 40% - 2:22
PK3 Forward
1 - 0% - 60%
2 - 0% - 40%
PK3 Defense
1 - 0% - 60%
2 - 0% - 40%
44 Forward
1 - 0% - 60%
2 - 0% - 40%
44 Defense
1 - 0% - 60%
2 - 0% - 40%
Last Minute Offensive - 0:27
Last Minute Defensive - 0:00
Total
Forward - 60:00
Defense - 60:00
|
Play-by-Play
1st period
0:01 of 1st period - Sean Monahan wins face-off versus Daultan Leveillé in neutral zone.
0:08 of 1st period - Snap shot by Sean Monahan.
0:08 of 1st period - Stopped by Alex Stalock with a rebound.
0:47 of 1st period - Icing by Jake Muzzin.
0:48 of 1st period - Andrej Nestrasil wins face-off versus Stefan Matteau in Demolitions zone.
0:55 of 1st period - Snap shot by J.T. Brown.
0:55 of 1st period - Shot Blocked by Ben Harpur.
0:57 of 1st period - Wrist shot by Joshua Leivo.
0:57 of 1st period - Stopped by Chet Pickard with a rebound.
0:59 of 1st period - Slapshot by Jake Muzzin.
0:59 of 1st period - Stopped by Chet Pickard without a rebound.
1:00 of 1st period - Christoph Bertschy wins face-off versus Iven Barbashev in Mustangs zone.
1:32 of 1st period - Tom Wilson is hit by Daultan Leveillé and loses puck.
2:12 of 1st period - Wrist shot by Andreas Martinsen.
2:12 of 1st period - Shot Blocked by J.T. Brown.
2:29 of 1st period - Off-side.
2:30 of 1st period - Stefan Matteau wins face-off versus Christoph Bertschy in neutral zone.
2:55 of 1st period - Snap shot by Curtis Hamilton.
2:55 of 1st period - Shot Misses the Net.
3:33 of 1st period - Snap shot by Christoph Bertschy.
3:33 of 1st period - Shot Misses the Net.
3:35 of 1st period - Slapshot by Ryan Pulock.
3:35 of 1st period - Shot Blocked by Alexei Marchenko.
3:43 of 1st period - Wrist shot by Christoph Bertschy.
3:43 of 1st period - Goal by Christoph Bertschy - Mustangs : 0 - Demolitions : 1.
3:44 of 1st period - Daultan Leveillé wins face-off versus Melker Karlsson in neutral zone.
3:48 of 1st period - Minor Penalty to Josh Jooris for Hooking.
3:49 of 1st period - Daultan Leveillé wins face-off versus Melker Karlsson in Mustangs zone.
3:49 of 1st period - Slapshot by Spencer Machacek.
3:49 of 1st period - Shot Blocked by Melker Karlsson.
3:57 of 1st period - Wrist shot by Spencer Machacek.
3:57 of 1st period - Shot Misses the Net.
5:48 of 1st period - Penalty to Josh Jooris is over, Josh Jooris is back on ice.
6:17 of 1st period - Wrist shot by Josh Jooris.
6:17 of 1st period - Stopped by Alex Stalock with a rebound.
6:27 of 1st period - Snap shot by Stefan Matteau.
6:27 of 1st period - Stopped by Alex Stalock without a rebound.
6:28 of 1st period - Phil McRae wins face-off versus Stefan Matteau in Demolitions zone.
6:58 of 1st period - Wrist shot by Josh Jooris.
6:58 of 1st period - Stopped by Alex Stalock with a rebound.
7:04 of 1st period - Andrew O'Brien is hit by Dennis Everberg and loses puck.
7:23 of 1st period - Snap shot by Spencer Machacek.
7:23 of 1st period - Stopped by Chet Pickard without a rebound.
7:24 of 1st period - Sean Monahan wins face-off versus Daultan Leveillé in Mustangs zone.
7:54 of 1st period - Wrist shot by Taylor Beck.
7:54 of 1st period - Stopped by Chet Pickard without a rebound.
7:55 of 1st period - Andrej Nestrasil wins face-off versus Sean Monahan in Mustangs zone.
7:56 of 1st period - Snap shot by Taylor Beck.
7:56 of 1st period - Stopped by Chet Pickard with a rebound.
8:20 of 1st period - Slapshot by Melker Karlsson.
8:20 of 1st period - Shot Misses the Net.
8:22 of 1st period - Snap shot by Andreas Martinsen.
8:22 of 1st period - Shot Misses the Net.
8:24 of 1st period - Wrist shot by Melker Karlsson.
8:24 of 1st period - Stopped by Alex Stalock without a rebound.
8:25 of 1st period - Daultan Leveillé wins face-off versus Sean Monahan in Demolitions zone.
8:34 of 1st period - Slapshot by Sean Monahan.
8:34 of 1st period - Shot Blocked by Spencer Machacek.
8:36 of 1st period - Slapshot by Ben Harpur.
8:36 of 1st period - Deflect By Lane MacDermid.
8:36 of 1st period - Stopped by Alex Stalock without a rebound.
8:37 of 1st period - Sean Monahan wins face-off versus Daultan Leveillé in Demolitions zone.
8:46 of 1st period - Slapshot by Sean Monahan.
8:46 of 1st period - Stopped by Alex Stalock with a rebound.
9:33 of 1st period - Slapshot by Jake Muzzin.
9:33 of 1st period - Stopped by Chet Pickard with a rebound.
9:35 of 1st period - Snap shot by Joshua Leivo.
9:35 of 1st period - Shot Misses the Net.
9:55 of 1st period - Wrist shot by Max Gortz.
9:55 of 1st period - Stopped by Alex Stalock with a rebound.
10:27 of 1st period - Wrist shot by Max Gortz.
10:27 of 1st period - Stopped by Alex Stalock with a rebound.
10:39 of 1st period - Snap shot by Max Gortz.
10:39 of 1st period - Shot Blocked by Ryan Pulock.
10:41 of 1st period - Slapshot by Alexei Marchenko.
10:41 of 1st period - Deflect By Nikita Tryamkin.
10:41 of 1st period - Stopped by Alex Stalock with a rebound.
10:43 of 1st period - Slapshot by Scott Mayfield.
10:43 of 1st period - Stopped by Alex Stalock without a rebound.
10:44 of 1st period - Sean Monahan wins face-off versus Daultan Leveillé in Demolitions zone.
10:54 of 1st period - Wrist shot by Ben Harpur.
10:54 of 1st period - Deflect By Jonathan Drouin.
10:54 of 1st period - Stopped by Alex Stalock with a rebound.
10:56 of 1st period - Snap shot by Sean Monahan.
10:56 of 1st period - Stopped by Alex Stalock without a rebound.
10:57 of 1st period - Daultan Leveillé wins face-off versus Sean Monahan in Demolitions zone.
11:04 of 1st period - Snap shot by Lane MacDermid.
11:04 of 1st period - Stopped by Chet Pickard without a rebound.
11:05 of 1st period - Sean Monahan wins face-off versus Daultan Leveillé in Mustangs zone.
11:12 of 1st period - Slapshot by Spencer Machacek.
11:12 of 1st period - Stopped by Chet Pickard with a rebound.
11:18 of 1st period - Wrist shot by Lane MacDermid.
11:18 of 1st period - Stopped by Chet Pickard with a rebound.
11:20 of 1st period - Snap shot by Daultan Leveillé.
11:20 of 1st period - Stopped by Chet Pickard with a rebound.
12:57 of 1st period - Wrist shot by Iven Barbashev.
12:57 of 1st period - Shot Blocked by Ryan Pulock.
13:25 of 1st period - Nikita Tryamkin is hit by Jonathan Drouin and loses puck.
14:42 of 1st period - Dakota Mermis is hit by Spencer Machacek and loses puck.
15:19 of 1st period - Wrist shot by Joshua Leivo.
15:19 of 1st period - Stopped by Chet Pickard without a rebound.
15:20 of 1st period - Sean Monahan wins face-off versus Daultan Leveillé in Mustangs zone.
15:25 of 1st period - Spencer Machacek is hit by Tom Wilson and loses puck.
15:34 of 1st period - Slapshot by Daultan Leveillé.
15:34 of 1st period - Shot Misses the Net.
15:36 of 1st period - Wrist shot by Spencer Machacek.
15:36 of 1st period - Shot Misses the Net.
15:48 of 1st period - Melker Karlsson is hit by Jake Muzzin and loses puck.
15:59 of 1st period - Snap shot by Taylor Beck.
15:59 of 1st period - Shot Misses the Net.
16:06 of 1st period - Icing by Alexei Marchenko.
16:07 of 1st period - Phil McRae wins face-off versus Stefan Matteau in Mustangs zone.
16:16 of 1st period - Slapshot by Joshua Leivo.
16:16 of 1st period - Stopped by Chet Pickard without a rebound.
16:17 of 1st period - Spencer Machacek wins face-off versus Sean Monahan in Mustangs zone.
16:22 of 1st period - Wrist shot by Lane MacDermid.
16:22 of 1st period - Shot Misses the Net.
16:24 of 1st period - Slapshot by Ryan Pulock.
16:24 of 1st period - Shot Misses the Net.
16:26 of 1st period - Slapshot by Ryan Pulock.
16:26 of 1st period - Stopped by Chet Pickard with a rebound.
16:32 of 1st period - Wrist shot by Spencer Machacek.
16:32 of 1st period - Shot Misses the Net.
16:46 of 1st period - Slapshot by Phil McRae.
16:46 of 1st period - Shot Misses the Net.
16:48 of 1st period - Snap shot by J.T. Brown.
16:48 of 1st period - Stopped by Chet Pickard with a rebound.
16:50 of 1st period - Slapshot by Robert Bortuzzo.
16:50 of 1st period - Shot Blocked by Ben Harpur.
16:52 of 1st period - Slapshot by Robert Bortuzzo.
16:52 of 1st period - Deflect By J.T. Brown.
16:52 of 1st period - Shot Misses the Net.
16:52 of 1st period - Puck is out of play.
16:53 of 1st period - Daultan Leveillé wins face-off versus Melker Karlsson in Mustangs zone.
17:06 of 1st period - Wrist shot by Melker Karlsson.
17:06 of 1st period - Stopped by Alex Stalock without a rebound.
17:07 of 1st period - Melker Karlsson wins face-off versus Daultan Leveillé in Demolitions zone.
17:08 of 1st period - Slapshot by Josh Jooris.
17:08 of 1st period - Goal by Josh Jooris - Mustangs : 1 - Demolitions : 1.
17:09 of 1st period - Sean Monahan wins face-off versus Daultan Leveillé in neutral zone.
17:19 of 1st period - Wrist shot by Sean Monahan.
17:19 of 1st period - Shot Misses the Net.
17:58 of 1st period - Chrstian Dvorak is hit by J.T. Brown and loses puck.
18:15 of 1st period - Michael Ferland is hit by Curtis Hamilton and loses puck.
19:04 of 1st period - Alexei Marchenko is hit by Andrej Nestrasil and loses puck.
19:21 of 1st period - Snap shot by Phil McRae.
19:21 of 1st period - Shot Misses the Net.
19:23 of 1st period - Backhand shot by Joshua Leivo.
19:23 of 1st period - Stopped by Chet Pickard without a rebound.
19:24 of 1st period - Daultan Leveillé wins face-off versus Sean Monahan in Mustangs zone.
19:24 of 1st period - Minor Penalty to Spencer Machacek for Hooking.
19:25 of 1st period - Alex Hutchings wins face-off versus Sean Monahan in Demolitions zone.
19:25 of 1st period - Alex Hutchings is hit by Tom Wilson.
Goals for this period are 1 for Mustangs vs 1 for Demolitions.
Shots for this period are 15 for Mustangs vs 16 for Demolitions.
2nd period
0:01 of 2nd period - Sean Monahan wins face-off versus Alex Hutchings in neutral zone.
0:04 of 2nd period - Slapshot by Alexei Marchenko.
0:04 of 2nd period - Stopped by Alex Stalock without a rebound.
0:05 of 2nd period - Alex Hutchings wins face-off versus Sean Monahan in Demolitions zone.
0:20 of 2nd period - Off-side.
0:21 of 2nd period - Sean Monahan wins face-off versus Alex Hutchings in neutral zone.
1:24 of 2nd period - Penalty to Spencer Machacek is over, Spencer Machacek is back on ice.
1:35 of 2nd period - Spencer Machacek is hit by Dakota Mermis and loses puck.
2:00 of 2nd period - Snap shot by Christoph Bertschy.
2:00 of 2nd period - Shot Blocked by Chrstian Dvorak.
2:02 of 2nd period - Slapshot by Tommy Vannelli.
2:02 of 2nd period - Shot Misses the Net.
2:04 of 2nd period - Snap shot by Spencer Machacek.
2:04 of 2nd period - Stopped by Chet Pickard with a rebound.
2:06 of 2nd period - Wrist shot by Christoph Bertschy.
2:06 of 2nd period - Shot Hit the Post.
2:08 of 2nd period - Slapshot by Jake Muzzin.
2:08 of 2nd period - Deflect By Stefan Matteau.
2:08 of 2nd period - Stopped by Chet Pickard with a rebound.
2:10 of 2nd period - Snap shot by Christoph Bertschy.
2:10 of 2nd period - Shot Misses the Net.
2:12 of 2nd period - Slapshot by Spencer Machacek.
2:12 of 2nd period - Stopped by Chet Pickard with a rebound.
2:14 of 2nd period - Slapshot by Spencer Machacek.
2:14 of 2nd period - Stopped by Chet Pickard without a rebound.
2:15 of 2nd period - Andrej Nestrasil wins face-off versus Sean Monahan in Mustangs zone.
2:26 of 2nd period - Wrist shot by Sean Monahan.
2:26 of 2nd period - Stopped by Alex Stalock without a rebound.
2:27 of 2nd period - Andrej Nestrasil wins face-off versus Sean Monahan in Demolitions zone.
2:27 of 2nd period - Andrej Nestrasil is hit by Jonathan Drouin.
2:33 of 2nd period - Snap shot by Andrej Nestrasil.
2:33 of 2nd period - Shot Hit the Post.
2:35 of 2nd period - Wrist shot by Dennis Everberg.
2:35 of 2nd period - Demolitions goal is going for a video replay.
2:35 of 2nd period - The goal is good.
2:35 of 2nd period - Goal by Dennis Everberg - Mustangs : 1 - Demolitions : 2.
2:36 of 2nd period - Sean Monahan wins face-off versus Daultan Leveillé in neutral zone.
2:49 of 2nd period - Snap shot by Tom Wilson.
2:49 of 2nd period - Shot Misses the Net.
2:51 of 2nd period - Wrist shot by Ben Harpur.
2:51 of 2nd period - Shot Blocked by Robert Bortuzzo.
3:05 of 2nd period - Snap shot by Max Gortz.
3:05 of 2nd period - Stopped by Alex Stalock without a rebound.
3:06 of 2nd period - Andrej Nestrasil wins face-off versus Max Gortz in Demolitions zone.
3:13 of 2nd period - Backhand shot by Ryan Pulock.
3:13 of 2nd period - Shot Misses the Net.
3:42 of 2nd period - Slapshot by Melker Karlsson.
3:42 of 2nd period - Shot Misses the Net.
3:44 of 2nd period - Snap shot by Melker Karlsson.
3:44 of 2nd period - Deflect By Josh Jooris.
3:44 of 2nd period - Shot Misses the Net.
3:44 of 2nd period - Puck is out of play.
3:45 of 2nd period - Sean Monahan wins face-off versus Lane MacDermid in Demolitions zone.
4:10 of 2nd period - Josh Jooris is hit by Jake Muzzin.
4:14 of 2nd period - Slapshot by Andrej Nestrasil.
4:14 of 2nd period - Shot Misses the Net.
4:16 of 2nd period - Slapshot by Nick Pryor.
4:16 of 2nd period - Stopped by Chet Pickard with a rebound.
4:18 of 2nd period - Backhand shot by Nick Pryor.
4:18 of 2nd period - Deflect By Taylor Beck.
4:18 of 2nd period - Stopped by Chet Pickard with a rebound.
4:32 of 2nd period - Wrist shot by Jared Staal.
4:32 of 2nd period - Shot Misses the Net.
5:32 of 2nd period - Wrist shot by Sean Monahan.
5:32 of 2nd period - Shot Blocked by Robert Bortuzzo.
5:44 of 2nd period - Snap shot by Spencer Machacek.
5:44 of 2nd period - Stopped by Chet Pickard with a rebound.
6:04 of 2nd period - Stefan Matteau is hit by Robert Bortuzzo and loses puck.
6:11 of 2nd period - Wrist shot by Max Gortz.
6:11 of 2nd period - Shot Blocked by Joshua Leivo.
6:32 of 2nd period - Backhand shot by Scott Mayfield.
6:32 of 2nd period - Stopped by Alex Stalock with a rebound.
6:48 of 2nd period - Snap shot by Andrej Nestrasil.
6:48 of 2nd period - Stopped by Chet Pickard with a rebound.
6:50 of 2nd period - Wrist shot by Andrej Nestrasil.
6:50 of 2nd period - Stopped by Chet Pickard without a rebound.
6:51 of 2nd period - Stefan Matteau wins face-off versus Daultan Leveillé in Mustangs zone.
7:15 of 2nd period - Minor Penalty to Andrej Nestrasil for Checking from behind.
7:16 of 2nd period - Sean Monahan wins face-off versus Spencer Machacek in Demolitions zone.
8:47 of 2nd period - Icing by Josh Jooris.
8:48 of 2nd period - Melker Karlsson wins face-off versus Spencer Machacek in Mustangs zone.
9:15 of 2nd period - Penalty to Andrej Nestrasil is over, Andrej Nestrasil is back on ice.
9:23 of 2nd period - Slapshot by Andrej Nestrasil.
9:23 of 2nd period - Deflect By Spencer Machacek.
9:23 of 2nd period - Shot Misses the Net.
9:23 of 2nd period - Puck is out of play.
9:24 of 2nd period - Stefan Matteau wins face-off versus Andrej Nestrasil in Mustangs zone.
9:39 of 2nd period - Wrist shot by Dennis Everberg.
9:39 of 2nd period - Stopped by Chet Pickard with a rebound.
10:21 of 2nd period - Nikita Tryamkin is hit by Curtis Hamilton and loses puck.
10:36 of 2nd period - Andrej Nestrasil is hit by Scott Mayfield and loses puck.
10:53 of 2nd period - Snap shot by Melker Karlsson.
10:53 of 2nd period - Stopped by Alex Stalock with a rebound.
11:13 of 2nd period - Slapshot by Phil McRae.
11:13 of 2nd period - Shot Misses the Net.
11:27 of 2nd period - Minor Penalty to Stefan Matteau for Slashing.
11:28 of 2nd period - Spencer Machacek wins face-off versus Melker Karlsson in Mustangs zone.
12:51 of 2nd period - Icing by Andrej Nestrasil.
12:52 of 2nd period - Melker Karlsson wins face-off versus Andrej Nestrasil in Demolitions zone.
13:27 of 2nd period - Penalty to Stefan Matteau is over, Stefan Matteau is back on ice.
13:37 of 2nd period - Ben Harpur is hit by J.T. Brown and loses puck.
13:54 of 2nd period - Snap shot by Jonathan Drouin.
13:54 of 2nd period - Stopped by Alex Stalock without a rebound.
13:55 of 2nd period - Sean Monahan wins face-off versus Christoph Bertschy in Demolitions zone.
14:01 of 2nd period - Snap shot by Sean Monahan.
14:01 of 2nd period - Stopped by Alex Stalock with a rebound.
14:03 of 2nd period - Snap shot by Tom Wilson.
14:03 of 2nd period - Deflect By Jonathan Drouin.
14:03 of 2nd period - Goal by Jonathan Drouin - Mustangs : 2 - Demolitions : 2.
14:04 of 2nd period - Sean Monahan wins face-off versus Daultan Leveillé in neutral zone.
14:09 of 2nd period - Slapshot by Alexei Marchenko.
14:09 of 2nd period - Shot Blocked by Robert Bortuzzo.
14:13 of 2nd period - Slapshot by Sean Monahan.
14:13 of 2nd period - Stopped by Alex Stalock with a rebound.
14:15 of 2nd period - Snap shot by Jonathan Drouin.
14:15 of 2nd period - Stopped by Alex Stalock with a rebound.
14:19 of 2nd period - Slapshot by Sean Monahan.
14:19 of 2nd period - Shot Misses the Net.
15:38 of 2nd period - Off-side.
15:39 of 2nd period - Josh Jooris wins face-off versus Daultan Leveillé in neutral zone.
16:19 of 2nd period - Icing by Taylor Beck.
16:20 of 2nd period - Andrej Nestrasil wins face-off versus Melker Karlsson in Demolitions zone.
16:20 of 2nd period - Andrej Nestrasil is hit by Damon Severson.
16:26 of 2nd period - Josh Jooris is hit by Robert Bortuzzo and loses puck.
16:39 of 2nd period - Snap shot by Dennis Everberg.
16:39 of 2nd period - Stopped by Chet Pickard with a rebound.
16:41 of 2nd period - Wrist shot by Andrej Nestrasil.
16:41 of 2nd period - Goal by Andrej Nestrasil - Mustangs : 2 - Demolitions : 3.
16:42 of 2nd period - Daultan Leveillé wins face-off versus Sean Monahan in neutral zone.
17:07 of 2nd period - Alexei Marchenko is hit by Ryan Pulock and loses puck.
18:08 of 2nd period - Wrist shot by Sean Monahan.
18:08 of 2nd period - Stopped by Alex Stalock without a rebound.
18:09 of 2nd period - Andrej Nestrasil wins face-off versus Sean Monahan in Demolitions zone.
18:09 of 2nd period - Andrej Nestrasil is hit by Sean Monahan.
18:34 of 2nd period - Melker Karlsson is hit by Spencer Machacek and loses puck.
19:19 of 2nd period - Jake Muzzin is hit by Tom Wilson.
19:29 of 2nd period - Snap shot by Sean Monahan.
19:29 of 2nd period - Shot Misses the Net.
19:31 of 2nd period - Snap shot by Tom Wilson.
19:31 of 2nd period - Shot Misses the Net.
Goals for this period are 1 for Mustangs vs 2 for Demolitions.
Shots for this period are 11 for Mustangs vs 13 for Demolitions.
3rd period
0:01 of 3rd period - Daultan Leveillé wins face-off versus Sean Monahan in neutral zone.
0:10 of 3rd period - Robert Bortuzzo is hit by Tom Wilson and loses puck.
0:21 of 3rd period - Alexei Marchenko is hit by Spencer Machacek and loses puck.
1:16 of 3rd period - Off-side.
1:17 of 3rd period - Melker Karlsson wins face-off versus Christoph Bertschy in neutral zone.
1:30 of 3rd period - Snap shot by Christoph Bertschy.
1:30 of 3rd period - Shot Blocked by Ben Harpur.
1:32 of 3rd period - Wrist shot by Jared Staal.
1:32 of 3rd period - Shot Hit the Post.
1:40 of 3rd period - Wrist shot by Christoph Bertschy.
1:40 of 3rd period - Stopped by Chet Pickard with a rebound.
1:42 of 3rd period - Snap shot by Nikita Tryamkin.
1:42 of 3rd period - Stopped by Chet Pickard without a rebound.
1:43 of 3rd period - Daultan Leveillé wins face-off versus Stefan Matteau in Mustangs zone.
1:57 of 3rd period - Dakota Mermis is hit by Daultan Leveillé and loses puck.
2:10 of 3rd period - Slapshot by Stefan Matteau.
2:10 of 3rd period - Goal by Stefan Matteau - Mustangs : 3 - Demolitions : 3.
2:11 of 3rd period - Daultan Leveillé wins face-off versus Sean Monahan in neutral zone.
3:06 of 3rd period - Snap shot by Max Gortz.
3:06 of 3rd period - Goal by Max Gortz - Mustangs : 4 - Demolitions : 3.
3:07 of 3rd period - Daultan Leveillé wins face-off versus Sean Monahan in neutral zone.
3:12 of 3rd period - Wrist shot by Spencer Machacek.
3:12 of 3rd period - Shot Misses the Net.
3:16 of 3rd period - Snap shot by Lane MacDermid.
3:16 of 3rd period - Stopped by Chet Pickard without a rebound.
3:17 of 3rd period - Daultan Leveillé wins face-off versus Sean Monahan in Mustangs zone.
3:24 of 3rd period - Wrist shot by Spencer Machacek.
3:24 of 3rd period - Shot Misses the Net.
3:26 of 3rd period - Wrist shot by Lane MacDermid.
3:26 of 3rd period - Shot Misses the Net.
3:34 of 3rd period - Wrist shot by Lane MacDermid.
3:34 of 3rd period - Stopped by Chet Pickard with a rebound.
3:46 of 3rd period - Wrist shot by Sean Monahan.
3:46 of 3rd period - Shot Misses the Net.
3:59 of 3rd period - Snap shot by Jonathan Drouin.
3:59 of 3rd period - Stopped by Alex Stalock without a rebound.
4:00 of 3rd period - Andrej Nestrasil wins face-off versus Melker Karlsson in Demolitions zone.
4:10 of 3rd period - Minor Penalty to Robert Bortuzzo for High sticking.
4:11 of 3rd period - Sean Monahan wins face-off versus Spencer Machacek in Demolitions zone.
4:24 of 3rd period - Wrist shot by Tom Wilson.
4:24 of 3rd period - Stopped by Alex Stalock without a rebound.
4:25 of 3rd period - Tom Wilson wins face-off versus Spencer Machacek in Demolitions zone.
4:34 of 3rd period - Slapshot by Jonathan Drouin.
4:34 of 3rd period - Shot Misses the Net.
4:36 of 3rd period - Slapshot by Alexei Marchenko.
4:36 of 3rd period - Shot Blocked by Nick Pryor.
4:38 of 3rd period - Snap shot by Sean Monahan.
4:38 of 3rd period - Stopped by Alex Stalock without a rebound.
4:39 of 3rd period - Spencer Machacek wins face-off versus Sean Monahan in Demolitions zone.
6:10 of 3rd period - Penalty to Robert Bortuzzo is over, Robert Bortuzzo is back on ice.
6:23 of 3rd period - J.T. Brown is hit by Alexei Marchenko and loses puck.
7:01 of 3rd period - Icing by Christoph Bertschy.
7:02 of 3rd period - Christoph Bertschy wins face-off versus Andreas Martinsen in Demolitions zone.
7:09 of 3rd period - Slapshot by Spencer Machacek.
7:09 of 3rd period - Shot Misses the Net.
7:17 of 3rd period - Snap shot by Lane MacDermid.
7:17 of 3rd period - Shot Misses the Net.
7:27 of 3rd period - Ryan Pulock is hit by Damon Severson and loses puck.
8:00 of 3rd period - Snap shot by Joshua Leivo.
8:00 of 3rd period - Shot Misses the Net.
8:38 of 3rd period - Iven Barbashev is hit by Michael Ferland and loses puck.
9:10 of 3rd period - Off-side.
9:11 of 3rd period - Melker Karlsson wins face-off versus Phil McRae in neutral zone.
9:37 of 3rd period - Spencer Machacek is hit by Sean Monahan and loses puck.
10:04 of 3rd period - Wrist shot by Andrej Nestrasil.
10:04 of 3rd period - Shot Blocked by Stefan Matteau.
10:26 of 3rd period - Dakota Mermis is hit by Taylor Aronson and loses puck.
11:07 of 3rd period - Snap shot by Jonathan Drouin.
11:07 of 3rd period - Stopped by Alex Stalock with a rebound.
11:09 of 3rd period - Slapshot by Jonathan Drouin.
11:09 of 3rd period - Stopped by Alex Stalock with a rebound.
11:20 of 3rd period - Icing by Ryan Pulock.
11:21 of 3rd period - Andrej Nestrasil wins face-off versus Melker Karlsson in Demolitions zone.
11:21 of 3rd period - Andrej Nestrasil is hit by Melker Karlsson.
11:55 of 3rd period - Wrist shot by Sean Monahan.
11:55 of 3rd period - Shot Misses the Net.
11:57 of 3rd period - Wrist shot by Sean Monahan.
11:57 of 3rd period - Deflect By Tom Wilson.
11:57 of 3rd period - Shot Blocked by Spencer Machacek.
11:57 of 3rd period - Puck is out of play.
11:58 of 3rd period - Melker Karlsson wins face-off versus Phil McRae in Demolitions zone.
12:13 of 3rd period - Snap shot by Melker Karlsson.
12:13 of 3rd period - Shot Misses the Net.
12:30 of 3rd period - Snap shot by Phil McRae.
12:30 of 3rd period - Stopped by Chet Pickard without a rebound.
12:31 of 3rd period - Daultan Leveillé wins face-off versus Jonathan Drouin in Mustangs zone.
12:35 of 3rd period - Minor Penalty to Tom Wilson for Delaying the game.
12:36 of 3rd period - Daultan Leveillé wins face-off versus Melker Karlsson in Mustangs zone.
12:46 of 3rd period - Snap shot by Lane MacDermid.
12:46 of 3rd period - Shot Misses the Net.
12:48 of 3rd period - Slapshot by Jake Muzzin.
12:48 of 3rd period - Shot Blocked by Melker Karlsson.
12:50 of 3rd period - Slapshot by Jake Muzzin.
12:50 of 3rd period - Deflect By Daultan Leveillé.
12:50 of 3rd period - Stopped by Chet Pickard without a rebound.
12:51 of 3rd period - Melker Karlsson wins face-off versus Daultan Leveillé in Mustangs zone.
14:35 of 3rd period - Penalty to Tom Wilson is over, Tom Wilson is back on ice.
14:46 of 3rd period - J.T. Brown is hit by Jonathan Drouin and loses puck.
15:15 of 3rd period - Snap shot by Michael Ferland.
15:15 of 3rd period - Stopped by Chet Pickard without a rebound.
15:16 of 3rd period - Dennis Everberg wins face-off versus Sean Monahan in Mustangs zone.
15:53 of 3rd period - Phil McRae is hit by Andreas Martinsen and loses puck.
16:56 of 3rd period - Jake Muzzin is hit by Tom Wilson and loses puck.
17:18 of 3rd period - Slapshot by Joshua Leivo.
17:18 of 3rd period - Shot Blocked by Alexei Marchenko.
17:20 of 3rd period - Snap shot by J.T. Brown.
17:20 of 3rd period - Shot Misses the Net.
17:39 of 3rd period - Nikita Tryamkin is hit by Scott Mayfield.
17:43 of 3rd period - Nikita Tryamkin is hit by Ben Harpur and loses puck.
18:02 of 3rd period - Ryan Pulock is hit by Kurtis Gabriel and loses puck.
18:35 of 3rd period - Slapshot by Alexei Marchenko.
18:35 of 3rd period - Stopped by Alex Stalock without a rebound.
18:36 of 3rd period - Phil McRae wins face-off versus Melker Karlsson in Demolitions zone.
18:59 of 3rd period - Andrew O'Brien is hit by Robert Bortuzzo and loses puck.
19:02 of 3rd period - Demolitions, Alex Stalock is pulled from the net.
19:04 of 3rd period - Snap shot by Daultan Leveillé.
19:04 of 3rd period - Shot Misses the Net.
19:20 of 3rd period - Slapshot by Melker Karlsson.
19:20 of 3rd period - Goal by Melker Karlsson - Mustangs : 5 - Demolitions : 3.
19:20 of 3rd period - Alex Stalock from Demolitions was sent back in the game.
19:21 of 3rd period - Phil McRae wins face-off versus Stefan Matteau in neutral zone.
19:24 of 3rd period - Snap shot by J.T. Brown.
19:24 of 3rd period - Stopped by Chet Pickard with a rebound.
19:26 of 3rd period - Wrist shot by J.T. Brown.
19:26 of 3rd period - Stopped by Chet Pickard with a rebound.
19:28 of 3rd period - Wrist shot by J.T. Brown.
19:28 of 3rd period - Stopped by Chet Pickard with a rebound.
19:30 of 3rd period - Slapshot by Ryan Pulock.
19:30 of 3rd period - Deflect By J.T. Brown.
19:30 of 3rd period - Stopped by Chet Pickard without a rebound.
19:31 of 3rd period - Stefan Matteau wins face-off versus Phil McRae in Mustangs zone.
19:46 of 3rd period - Icing by Nikita Tryamkin.
19:47 of 3rd period - Phil McRae wins face-off versus Melker Karlsson in Demolitions zone.
Goals for this period are 3 for Mustangs vs 0 for Demolitions.
Shots for this period are 9 for Mustangs vs 11 for Demolitions.
Back to the Top